 Dungeon Crawl Stone Soup version 0.17.1-2-g5865329 (webtiles) character file.

92 Alarkh the Insei (level 4, -1/35 HPs)
             Began as a Demonspawn Monk on Jan 20, 2016.
             Killed by nerve-wracking pain
             ... invoked by Jessica
              (13 damage)
             ... on level 2 of the Dungeon.
             The game lasted 00:03:01 (2218 turns).

Alarkh the Insei (Demonspawn Monk)                  Turns: 2218, Time: 00:03:02

Health: -1/35      AC:  3    Str: 11    XL:     4   Next: 35%
Magic:  4/4        EV: 19    Int: 17    God:
Gold:   133        SH:  0    Dex: 21    Spells: 0 memorised, 3 levels left

rFire  . . .     SeeInvis .       - Unarmed
rCold  . . .     Clarity  .     a - +0 robe
rNeg   . . .     SustAt   .     (no shield)
rPois  .         Gourm    .     (no helmet)
rElec  .         Spirit   .     p - +0 cloak
rCorr  .         Warding  .     (no gloves)
rMut   .         Stasis   .     (no boots)
MR     .....                    (no amulet)
Stlth  +++.......               (no ring)
                                (no ring)

@: brilliant, agile, slowed, very slow, not resistant to hostile enchantments,
fairly stealthy
A: powered by pain 1
a: no special abilities


You were on level 2 of the Dungeon.
You were very hungry.

You visited 1 branch of the dungeon, and saw 2 of its levels.

You collected 133 gold pieces.

Inventory:

Missiles
 o - 16 poisoned needles
Armour
 a - a +0 robe (worn)
 p - a +0 cloak (worn)
Scrolls
 c - a scroll of enchant weapon {unknown}
 e - a scroll of recharging {unknown}
 f - 2 scrolls of enchant armour {unknown}
 i - 2 scrolls of teleportation {unknown}
 j - a scroll of noise {unknown}
 k - 3 scrolls of remove curse {unknown}
 m - a scroll of identify {unknown}
Potions
 d - a potion of brilliance
 g - a potion of agility
 n - a potion of resistance {unknown}
Comestibles
 b - 3 bread rations
 h - a beef jerky


   Skills:
 - Level 3.0 Fighting
 - Level 2.6 Dodging
 - Level 1.7 Stealth
 + Level 5.3 Unarmed Combat


You had 3 spell levels left.
You didn't know any spells.

Dungeon Overview and Level Annotations

Branches:
Dungeon (2/15)

Altars:
Cheibriados
Gozag

Annotations:
D:2 Jessica


Innate Abilities, Weirdness & Mutations

You sometimes gain a little power by taking damage.


Message History

Jessica is moderately wounded.
Jessica hits you but does no damage.
You closely miss Jessica.
Jessica is moderately wounded.
Jessica closely misses you.
You completely miss Jessica.
Jessica is moderately wounded.
Jessica mumbles some strange words.
Jessica blinks!
Jessica points at you and mumbles some strange words.
You resist with some effort.
Jessica gestures wildly while chanting.
Jessica blinks!
Items here: ))) / [ ††† Jessica very coldly says, "I hate your company."
Jessica gestures at you while chanting. Pain shoots through your body!
Jessica points at you and mumbles some strange words.
Pain shoots through your body!
You die...

#.# #.......... #######
##.......... #.....#
#.....).....
#.._..###...........
#.....##............ #
#.....##..(..'''....
#..###'####.....###....
#.......@...##### #....
....#.#@.#...###########
.# #.#)##..........# #
#.##........#.#
#...........#.#
#......#<.......<#.#
####.#.###.#######.# #
...#.# ### ### # ### #.#
# #.#


You could see Jessica.

Vanquished Creatures
  A gnoll (D:2)
  3 adders (D:2)
  An ooze (D:1)
  A worm (D:2)
  A giant gecko (D:1)
  An orc (D:2)
  2 ball pythons
  6 bats
  8 goblins
  5 hobgoblins
  7 kobolds
  2 giant cockroaches (D:1)
  3 giant newts
  3 rats (D:1)
44 creatures vanquished.

Notes
Turn   | Place    | Note
--------------------------------------------------------------
     0 | D:1      | Alarkh the Demonspawn Monk began the quest for the Orb.
     0 | D:1      | Reached XP level 1. HP: 18/18 MP: 1/1
   111 | D:1      | Reached skill level 4 in Unarmed Combat
   111 | D:1      | Gained mutation: You sometimes gain a little power by taking damage. [demonic ancestry]
   111 | D:1      | Reached XP level 2. HP: 21/24 MP: 2/2
   528 | D:1      | Reached XP level 3. HP: 19/29 MP: 3/3
  1503 | D:2      | Found an opulent altar of Gozag.
  1528 | D:2      | Reached skill level 5 in Unarmed Combat
  1552 | D:2      | HP: 2/43 [poisoned by an adder]
  1883 | D:2      | Reached XP level 4. HP: 31/35 MP: 4/4
  2183 | D:2      | Noticed Jessica
  2183 | D:2      | Found a snail-covered altar of Cheibriados.
  2218 | D:2      | Killed from afar by Jessica

Action                   |  1- 3 |  4- 6 || total
-------------------------+-------+-------++-------
Melee: Unarmed           |   151 |    37 ||   188
  Use: Potion            |     3 |     2 ||     5
 Stab: Sleeping          |     3 |     1 ||     4
  Eat: Chunk             |     3 |       ||     3
